 Dungeon Crawl Stone Soup version 0.18.1-5-g4a78601 (webtiles) character file.

156 Geppetto the Bolt Thrower (level 5, 0/41 HPs)
             Began as a Centaur Hunter on May 10, 2016.
             Succumbed to a worker ant's poison
             ... on level 4 of the Dungeon.
             The game lasted 00:21:34 (3926 turns).

Geppetto the Bolt Thrower (Centaur Hunter)          Turns: 3926, Time: 00:21:34

Health: 0/41       AC:  5    Str: 16    XL:     5   Next: 15%
Magic:  5/5        EV:  9    Int: 10    God:
Gold:   140        SH:  0    Dex: 14    Spells: 0 memorised, 4 levels left

rFire  x . .     SeeInvis .     n - -2 dagger (curse)
rCold  + + .     Gourm    .     u - +1 leather armour {rC+}
rNeg   . . .     Faith    .     (no shield)
rPois  .         Spirit   .     s - +0 hat
rElec  .         Dismiss  .     (no cloak)
rCorr  .         Reflect  .     (no gloves)
SustAt .         Harm     .     (no barding)
MR     .....                    (no amulet)
Stlth  +.........               y - ring of ice
                                h - +5 ring of dexterity

@: lethally poisoned (0 -> -36), very quick, not resistant to hostile
enchantments, very unstealthy
A: hooves 3, deformed body, speed 2, tough skin 3
a: no special abilities


You were on level 4 of the Dungeon.
You were not hungry.

You visited 1 branch of the dungeon, and saw 4 of its levels.

You collected 140 gold pieces.

Inventory:

Hand Weapons
 a - a +1 hand crossbow
 b - a +0 short sword
 n - a cursed -2 dagger (weapon)
Missiles
 d - 2 bolts
 k - 4 curare-tipped needles
 o - 4 poisoned needles (quivered)
 x - 19 arrows
Armour
 c - a +0 leather armour
 l - a +0 ring mail
 s - a +0 hat (worn)
 u - a +1 leather armour of cold resistance (worn)
Jewellery
 h - a +5 ring of dexterity (left hand)
 r - an uncursed ring of magical power
 v - an uncursed ring of flight
 y - a ring of ice (right hand)
Scrolls
 i - 2 scrolls of recharging
 m - a scroll of amnesia
 q - 2 scrolls of teleportation
 w - a scroll of identify
Potions
 e - a potion of cancellation
 j - 3 potions of cure mutation
 p - a potion of degeneration
 A - 2 potions of ambrosia {unknown}
 B - a potion of lignification {unknown}
Comestibles
 f - 4 bread rations
 g - 3 fruits
 t - a royal jelly


   Skills:
 - Level 2.0 Fighting
 - Level 0.6 Short Blades
 - Level 6.8 Crossbows
 * Level 1.3 Throwing
 - Level 1.3 Dodging
 - Level 0.5 Stealth


You had 4 spell levels left.
You didn't know any spells.

Dungeon Overview and Level Annotations

Branches:
Dungeon (4/15)
 Temple: D:4-7

Altars:
Ru
Yredelemnul


Innate Abilities, Weirdness & Mutations

You have hooves in place of feet.
Armour fits poorly on your strangely shaped body.
You cover ground very quickly.
You have extremely tough skin (AC +3).


Message History

You barely miss the worker ant.
You kick the worker ant, but do no damage.
* * * LOW HITPOINT WARNING * * *
You feel very sick.
The worker ant bites you but does no damage.
You hit the worker ant but do no damage.
You kick the worker ant, but do no damage.
* * * LOW HITPOINT WARNING * * *
You feel sick. The worker ant closely misses you.
You hit the worker ant.
The worker ant is lightly wounded.
* * * LOW HITPOINT WARNING * * *
You feel very sick. The worker ant bites you.
* * * LOW HITPOINT WARNING * * *
You are more poisoned.
The worker ant poisons you!
You hit the worker ant.
The worker ant is moderately wounded.
You die...

#....#
#....#######
#..........#
#..a.......#
#..........#
#..l.#######
#....#
###.###########
#(.(...a@..<#
##########.##
#.# ###### #.#
.....# #.#
####.# #.# #.#
#.# #.# ### #.#
#.# #.# #.#


You could see a worker ant.

Vanquished Creatures
  An orc wizard (D:3)
  A howler monkey skeleton (D:4)
  3 adders (D:3)
  2 oozes
  An adder skeleton (D:4)
  4 worms
  2 dart slugs (D:1)
  3 giant geckos
  5 orcs (D:3)
  2 ball pythons (D:1)
  5 giant cockroaches
  7 goblins
  5 hobgoblins
  7 bats
  4 giant newts
  11 kobolds
  4 rats
67 creatures vanquished.

Notes
Turn   | Place    | Note
--------------------------------------------------------------
     0 | D:1      | Geppetto the Centaur Hunter began the quest for the Orb.
     0 | D:1      | Reached XP level 1. HP: 17/17 MP: 1/1
    60 | D:1      | Reached XP level 2. HP: 24/24 MP: 2/2
    68 | D:1      | Reached skill level 5 in Crossbows
   684 | D:1      | Reached XP level 3. HP: 29/29 MP: 3/3
  1236 | D:2      | Found a sacrificial altar of Ru.
  1236 | D:2      | Found a basalt altar of Yredelemnul.
  1451 | D:2      | Reached skill level 6 in Crossbows
  1590 | D:2      | Found a sacrificial altar of Ru.
  1734 | D:3      | Reached XP level 4. HP: 36/36 MP: 4/4
  3110 | D:3      | Reached XP level 5. HP: 29/41 MP: 5/5
  3273 | D:4      | Reached skill level 1 in Throwing
  3296 | D:4      | Noticed a phantom
  3925 | D:4      | HP: 2/41 [worker ant (1)]
  3926 | D:4      | Succumbed to a worker ant's poison

Skill      XL: |  1  2  3  4  5 |
---------------+----------------+-----
Crossbows      | 5 6 |  6.8
Throwing       | 1 |  1.3
Fighting       | |  2.0
Short Blades   | |  0.6
Dodging        | |  1.3
Stealth        | |  0.5

Action                   |  1- 3 |  4- 6 || total
-------------------------+-------+-------++-------
Melee: Hand crossbow     |     5 |    16 ||    21
       Kick              |     2 |    32 ||    34
       Dagger            |       |    65 ||    65
       Short sword       |       |    15 ||    15
 Fire: Hand crossbow     |    99 |    49 ||   148
  Use: Scroll            |     6 |     7 ||    13
       Potion            |       |     1 ||     1
  Eat: Chunk             |     1 |     3 ||     4
       Bread ration      |       |     1 ||     1
       Fruit             |       |     1 ||     1
Armor: Leather armour    |     5 |    50 ||    55
       Ring mail         |    14 |     2 ||    16
Dodge: Dodged            |    23 |    46 ||    69
